 Dungeon Crawl Stone Soup version 0.29-a0-371-g91724d5b39 (webtiles) character file.

Game seed: 14080675480844053461

44564 Ijustatesigmund the Destroyer (level 14, -5/101 HPs)
             Began as a Barachi Conjurer on May 2, 2022.
             Was the Champion of Cheibriados.
             Slain by a spark wasp (shapeshifter) (15 damage)
             ... on level 14 of the Dungeon on May 3, 2022.
             The game lasted 02:00:40 (31407 turns).

Ijustatesigmund the Destroyer (Barachi Conjurer)   Turns: 31407, Time: 02:00:41

Health: -5/101     AC: 17    Str: 23    XL:     14   Next: 29%
Magic:  22/30      EV: 15    Int: 38    God:    Cheibriados [******]
Gold:   2176       SH:  7    Dex: 27    Spells: 21/37 levels left

rFire   . . .      SeeInvis .   I - +4 trident "Dragon's Doom" {venom, *Rage rC++}
rCold   + + .      Faith    .   n - +0 buckler
rNeg    . . .      Spirit   .   J - +0 troll leather armour
rPois   +          Reflect  .   j - +1 helmet
rElec   .          Harm     .   A - +2 cloak
rCorr   .          Rampage  .   h - +1 pair of gloves
Will    +....      Rage     20% (no boots)
Stlth   ++........              m - amulet of regeneration
HPRegen 1.86/turn               y - ring of poison resistance
MPRegen 0.22/turn               E - +4 ring of protection

@: on berserk cooldown, slowed, very slow
A: amphibious, slowness 1, strong legs 2, +LOS
a: Hop, Renounce Religion, Bend Time, Temporal Distortion, Slouch, Step From
Time


You were on level 14 of the Dungeon.
You worshipped Cheibriados.
Cheibriados was exalted by your worship.
You visited 4 branches of the dungeon, and saw 21 of its levels.
You also visited: Bailey.

You collected 2615 gold pieces.
You spent 439 gold pieces at shops.

Inventory:

Hand Weapons
 e - a +0 vampiric rapier
 I - the +4 trident "Dragon's Doom" (weapon) {venom, *Rage rC++}
   (You bought it in a shop on level 4 of the Dungeon)

   It poisons the flesh of those it strikes.
   rC:        It greatly protects you from cold.
   *Rage:     It berserks you when you make melee attacks (+20% chance).
Armour
 a - +0 acid dragon scales
 h - a +1 pair of gloves (worn)
 j - a +1 helmet (worn)
 n - a +0 buckler (worn)
 A - a +2 cloak (worn)
 J - a +0 troll leather armour (worn)
Magical Staves
 l - a staff of conjuration
 L - a staff of fire
Jewellery
 d - a ring of protection from cold
 m - an amulet of regeneration (around neck)
 r - a ring of flight
 y - a ring of poison resistance (left hand)
 C - a ring of resist corrosion
 E - a +4 ring of protection (right hand)
 M - a ring of see invisible
 N - a ring of magical power
 O - a ring of protection from cold
 P - a +6 ring of strength
Wands
 q - a wand of flame (6)
Scrolls
 f - 2 scrolls of enchant weapon
 i - 3 scrolls of teleportation
 t - 2 scrolls of amnesia
 F - 3 scrolls of identify
 G - 2 scrolls of fog
 H - 2 scrolls of blinking
Potions
 b - 2 potions of magic
 c - 3 potions of might
 g - 2 potions of brilliance
 k - 2 potions of lignification
 p - 7 potions of curing
 s - a potion of cancellation
 u - a potion of berserk rage
 v - 3 potions of mutation
 w - a potion of haste
 x - 3 potions of flight
 z - 2 potions of attraction
 K - 4 potions of ambrosia
 Q - a potion of resistance


   Skills:
 - Level 6.8 Fighting
 - Level 2.5 Polearms
 - Level 7.0 Armour
 - Level 4.9 Dodging
 - Level 1.7 Stealth
 - Level 4.5 Shields
 - Level 12.0 Spellcasting
 - Level 13.5 Conjurations
 - Level 5.8 Hexes
 - Level 5.7 Summonings
 + Level 1.7 Necromancy
 - Level 2.6 Translocations
 - Level 9.4 Fire Magic
 + Level 8.2 Invocations
 - Level 2.2 Evocations


You had 21 spell levels left.
You knew the following spells:

 Your Spells              Type           Power      Damage    Failure   Level
a - Magic Dart            Conj           100%       1d8       0%          1
b - Searing Ray           Conj           100%       2d8       0%          2
c - Sticky Flame          Conj/Fire      83%        2d9       1%          4
d - Summon Guardian Gole  Hex/Summ       61%        N/A       1%          3
e - Apportation           Tloc           84%        N/A       1%          1
f - Agony                 Necr           36%        N/A       32%         5

Your spell library contained the following spells:

 Spells                   Type           Power      Damage    Failure   Level
 Animate Skeleton         Necr           72%        N/A       1%          1
 Summon Small Mammal      Summ           100%       N/A       1%          1
 Static Discharge         Conj/Air       65%        N/A       1%          2
 Dazzling Flash           Conj/Hex       100%       N/A       1%          3
 Inner Flame              Hex/Fire       69%        N/A       1%          3
 Fulminant Prism          Conj/Hex       38%        3d18      1%          4
 Iskenderun's Mystic Bla  Conj/Tloc      71%        2d14      1%          4
 Gell's Gravitas          Tloc           42%        N/A       2%          3
 Teleport Other           Tloc           42%        N/A       2%          3
 Cause Fear               Hex            30%        N/A       2%          4
 Orb of Destruction       Conj           45%        9d12      8%          7
 Dispel Undead            Necr           36%        3d15      12%         4
 Silence                  Hex/Air        22%        N/A       21%         5
 Spellforged Servitor     Conj/Summ      38%        N/A       36%         7
 Dispersal                Tloc           21%        N/A       77%         6
 Discord                  Hex            30%        N/A       100%        8


Dungeon Overview and Level Annotations

Branches:
Dungeon (14/15)            Temple (1/1) D:6            Lair (4/6) D:9
 Spider (0/4) Lair:2          Orc (2/2) D:10         Vaults (0/5) D:13
 Bailey (visited)
  Swamp: Lair:2-4    Shoals: Lair:2-4       Elf: Orc:2

Altars:
Ashenzari
Cheibriados
Dithmenos
Elyvilon
Fedhas
Gozag
Hepliaklqana
Kikubaaqudgha
Makhleb
Nemelex Xobeh
Okawaru
Qazlal
Ru
Sif Muna
Trog
Uskayaw
Vehumet
Wu Jian
Xom
Yredelemnul
Zin
The Shining One

Shops:
D:4 **[   Orc:1 *


Innate Abilities, Weirdness & Mutations

You are amphibious.
You cover ground slowly.
You can hop long distances.
You have an extended range of vision and can be seen from far away.


Message History

The spark wasp buzzes angrily. (Press . to maintain the ray.)
The searing ray hits the spark wasp.
The spark wasp is lightly wounded.
The spark wasp misses you.
The searing ray misses the spark wasp.
The spark wasp stings you. The spark wasp shocks you!
The spark wasp stings you!! The spark wasp shocks you!
Casting: Searing Ray (safe; 0% risk of failure)
Confirm with . or Enter, or press ? or * to list all spells.
Restarting spell: Searing Ray (safe; 0% risk of failure)
Press: ? - help, Shift-Dir - straight line, f/p - spark wasp
Aim: a spark wasp shaped shifter (lightly wounded, 74% to hit)
The searing ray hits the spark wasp.
The spark wasp is lightly wounded. (Press . to maintain the ray.)
The spark wasp misses you. The spark wasp closely misses you.
The spark wasp stings you! The spark wasp shocks you!
* * * LOW HITPOINT WARNING * * *
Casting: Searing Ray (safe; 0% risk of failure)
Confirm with . or Enter, or press ? or * to list all spells.
Aiming: Sticky Flame (safe; 1% risk of failure)
Press: ? - help, Shift-Dir - straight line, f/p - spark wasp
Aim: a spark wasp shaped shifter (lightly wounded, 100% to hit)
The sticky flame hits the spark wasp!
The spark wasp is moderately wounded.
The spark wasp is covered in liquid flames!
The spark wasp burns!
The spark wasp barely misses you. The spark wasp misses you.
You closely miss the spark wasp.
The spark wasp is moderately wounded.
The spark wasp burns! x2; You block the spark wasp's attack. x3
You hit the spark wasp.
The spark wasp is poisoned.
The spark wasp is heavily wounded.
The spark wasp burns! x2
The spark wasp stings you but does no damage.
The spark wasp stings you!!
* * * LOW HITPOINT WARNING * * *
The spark wasp shocks you!
You die...

.................#...##..
.................#.......
..#.............).......#
........................#
.......##.#).............
.......##.#.......#......
.###...##.<............#
## #####.........y....#
#.......†@.....#
##.###.######...# ### #.#
# ###


You could see a spark wasp shaped shifter (burning, very poisoned).

Vanquished Creatures
  An orc warlord (Orc:1)
  2 boulder beetles (D:14)
  A hydra (Lair:3)
  2 two-headed ogres
  An ice dragon (D:12)
  A centaur warrior (D:11)
  2 death yaks
  Urug (D:12)
  4 skeletal warriors
  An orc knight (Bailey)
  A wizard (D:13)
  4 deep elf pyromancers
  An orc sorcerer (Orc:1)
  8 ugly things
  5 cyclopes
  A black mamba (Lair:1)
  Joseph (D:7)
  8 cane toads
  An unseen horror (D:12)
  2 yaktaurs (D:13)
  A rime drake (Lair:3)
  3 kobold demonologists
  4 komodo dragons
  2 trolls
  Prince Ribbit (Lair:2)
  A slime creature (D:11)
  7 blink frogs
  6 wyverns
  A steam dragon (D:8)
  10 yaks
  Eustachio (D:4)
  3 basilisks (Lair:3)
  4 wargs (Orc:1)
  2 vampire mosquitoes (D:12)
  11 water moccasins
  2 black bears
  5 ice beasts
  19 orc warriors
  7 wolves
  3 centaurs
  6 ogres
  2 phantoms
  7 kobold brigands
  12 bullfrogs
  4 scorpions
  5 necrophages
  A wyvern zombie (D:7)
  22 killer bees (Lair:1)
  A vampire bat (D:8)
  6 howler monkeys
  An electric eel (D:10)
  A centaur zombie (D:7)
  7 hounds
  11 orc priests
  3 jellies
  Crazy Yiuf (D:7)
  Ijyb (D:5)
  4 iguanas
  14 orc wizards
  Robin (D:3)
  6 adders
  9 gnolls
  A shadow imp (D:6)
  2 white imps
  An ufetubus (D:6)
  3 worms
  2 dart slugs
  50 orcs
  5 endoplasms
  5 giant cockroaches
  23 goblins
  18 hobgoblins
  7 jackals
  4 quokkas
  6 ball pythons
  9 bats
  A frilled lizard (D:3)
  21 kobolds
  3 rats
427 creatures vanquished.

Vanquished Creatures (others)
  2 two-headed ogres
  An orc knight (D:13)
  A deep elf archer (D:13)
  An ugly thing (D:13)
  2 gargoyles
  A kobold demonologist (D:13)
  A rime drake (Lair:1)
  3 yaktaurs (D:13)
  A queen bee (Lair:1)
  A wraith (D:11)
  12 yaks
  2 acid dragons (D:10)
  A centaur (D:11)
  2 killer bees (Lair:1)
  An orc priest (Orc:1)
  An orc wizard (Orc:1)
  An orc (Orc:1)
  15 fungi
  25 plants
74 creatures vanquished.

Grand Total: 501 creatures vanquished

Notes
Turn   | Place    | Note
-------+----------+-------------------------------------------
     0 | D:1      | Ijustatesigmund the Barachi Conjurer began the quest for
                  | the Orb.
     0 | D:1      | Reached XP level 1. HP: 13/13 MP: 3/3
   515 | D:1      | Reached skill level 1 in Fighting
   515 | D:1      | Reached XP level 2. HP: 21/21 MP: 0/5
   518 | D:1      | Learned a level 2 spell: Searing Ray
   734 | D:1      | Found a faded altar of an unknown god.
  1236 | D:2      | Reached XP level 3. HP: 26/26 MP: 2/6
  1540 | D:2      | HP: 1/27 [poisoned by an adder]
  1543 | D:2      | Reached skill level 5 in Conjurations
  1858 | D:2      | Reached XP level 4. HP: 33/33 MP: 4/8
  2825 | D:3      | Reached skill level 1 in Armour
  2987 | D:3      | Noticed Robin
  3088 | D:3      | Killed Robin
  3089 | D:3      | Reached XP level 5. HP: 38/38 MP: 5/10
  3593 | D:3      | HP: 1/38 [iguana (12)]
  3954 | D:4      | Noticed a black bear
  3970 | D:4      | Found Resaok's Assorted Antiques.
  4062 | D:4      | Noticed an ogre
  4066 | D:4      | Killed an ogre
  4067 | D:4      | Reached XP level 6. HP: 44/44 MP: 5/12
  4069 | D:4      | Found Viessut's Antique Armour Emporium.
  4078 | D:4      | Killed a black bear
  4079 | D:4      | Reached skill level 6 in Conjurations
  4402 | D:4      | Bought a buckler for 117 gold pieces
  4476 | D:4      | Reached skill level 1 in Shields
  4476 | D:4      | Reached XP level 7. HP: 50/50 MP: 7/14
  4534 | D:4      | Found Nutag's General Store.
  4618 | D:4      | Noticed Eustachio
  4968 | D:4      | Killed Eustachio
  4969 | D:4      | Reached skill level 5 in Spellcasting
  5138 | D:4      | Learned a level 4 spell: Sticky Flame
  5273 | D:5      | Entered Level 5 of the Dungeon
  5353 | D:5      | Found a burning altar of Makhleb.
  5354 | D:5      | Noticed Ijyb
  5358 | D:5      | Killed Ijyb
  5359 | D:5      | Reached skill level 1 in Fire Magic
  5711 | D:5      | Reached XP level 8. HP: 47/56 MP: 3/15
  5876 | D:5      | Reached skill level 5 in Fire Magic
  6682 | D:6      | Found a staircase to the Ecumenical Temple.
  6875 | Temple   | Entered the Ecumenical Temple
  7683 | D:6      | Reached XP level 9. HP: 61/61 MP: 12/16
  7685 | D:6      | Reached skill level 7 in Conjurations
  7886 | D:6      | Noticed a cyclops
  8208 | D:6      | Found a radiant altar of Vehumet.
  8208 | D:6      | Found a stormy altar of Qazlal.
  8208 | D:6      | Found an iron altar of Okawaru.
  8290 | D:6      | Reached skill level 8 in Conjurations
  8488 | D:6      | Killed a cyclops
  8647 | D:6      | Identified a scroll of acquirement
  8647 | D:6      | Acquired a book of Dangerous Friends
  8703 | D:6      | Learned a level 3 spell: Summon Guardian Golem
  8918 | D:6      | Reached skill level 1 in Hexes
  8918 | D:6      | Reached skill level 1 in Summonings
  9529 | D:7      | Acquired 1181 gold pieces
  9834 | D:4      | Bought a grey potion for 23 gold pieces
  9834 | D:4      | Bought a scroll of identify for 52 gold pieces
  9834 | D:4      | Bought a scroll labelled NEMIEPOSYG for 26 gold pieces
 10033 | D:7      | Noticed Joseph
 10272 | D:7      | Reached XP level 10. HP: 67/67 MP: 13/20
 10676 | D:7      | Reached skill level 5 in Summonings
 10984 | D:7      | Found a basalt altar of Yredelemnul.
 11096 | D:7      | Killed Joseph
 11097 | D:7      | Reached skill level 5 in Hexes
 11372 | D:7      | Found a runed translucent door.
 11373 | D:7      | Noticed Crazy Yiuf
 11377 | D:7      | Killed Crazy Yiuf
 11467 | D:8      | Found a flagged portal.
 11474 | Bailey   | Entered a bailey
 11857 | Bailey   | Learned a level 1 spell: Apportation
 11933 | Bailey   | Reached skill level 1 in Translocations
 12598 | Bailey   | Noticed an orc knight
 12618 | Bailey   | Killed an orc knight
 12619 | Bailey   | Reached skill level 9 in Conjurations
 12998 | Bailey   | Noticed an orc warlord
 13111 | D:8      | Found a sacrificial altar of Ru.
 14242 | D:9      | Noticed a two-headed ogre
 14256 | D:9      | Killed a two-headed ogre
 14257 | D:9      | Reached XP level 11. HP: 76/76 MP: 18/23
 14419 | D:9      | Reached skill level 10 in Conjurations
 14577 | D:9      | Found a staircase to the Lair.
 15047 | D:9      | Found a snail-covered altar of Cheibriados.
 15106 | D:9      | Became a worshipper of Cheibriados the Contemplative
 15368 | D:10     | Entered Level 10 of the Dungeon
 15484 | D:10     | Noticed a two-headed ogre
 15503 | D:10     | Killed a two-headed ogre
 15504 | D:10     | Reached skill level 1 in Invocations
 15822 | D:10     | Found a staircase to the Orcish Mines.
 16362 | D:10     | Reached skill level 5 in Fighting
 16531 | D:10     | Reached * piety under Cheibriados
 16773 | D:11     | Noticed a two-headed ogre
 16801 | D:11     | Killed a two-headed ogre
 17098 | D:11     | Reached skill level 5 in Armour
 17177 | D:11     | Noticed a two-headed ogre
 17199 | D:11     | Killed a two-headed ogre
 17349 | D:11     | Noticed a sun demon
 17354 | D:11     | Noticed a cyclops
 17668 | D:11     | Killed a cyclops
 17728 | D:11     | Noticed a centaur warrior
 17762 | D:11     | Killed a centaur warrior
 17763 | D:11     | Reached skill level 11 in Conjurations
 18255 | D:11     | Reached XP level 12. HP: 86/86 MP: 16/25
 19418 | D:12     | Noticed an ice dragon
 19418 | D:12     | an enormous slime creature changed into an ice dragon
 19453 | D:12     | HP: 2/86 [ice dragon/blast of cold (18)]
 19457 | D:12     | Killed an ice dragon
 19600 | D:12     | Reached ** piety under Cheibriados
 20004 | D:12     | Reached skill level 10 in Spellcasting
 20307 | D:12     | Noticed Urug
 20351 | D:12     | Killed Urug
 20352 | D:12     | Reached skill level 5 in Invocations
 20598 | D:12     | Identified the +7 spear of Afres {antimagic, Dex+2}
 21220 | Lair:1   | Entered Level 1 of the Lair of Beasts
 21517 | Lair:1   | Reached skill level 12 in Conjurations
 21702 | Lair:1   | Upgraded the game from 0.29-a0-370-gb5314be063 to
                  | 0.29-a0-371-g91724d5b39
 22151 | Lair:1   | Reached *** piety under Cheibriados
 23424 | Lair:1   | Reached **** piety under Cheibriados
 23995 | Lair:2   | Noticed Prince Ribbit
 24012 | Lair:2   | Killed Prince Ribbit
 24013 | Lair:2   | Gained mutation: You can hop long distances. [Barachi
                  | growth]
 24013 | Lair:2   | Reached XP level 13. HP: 91/91 MP: 13/28
 24087 | Lair:2   | Found a hole to the Spider Nest.
 25771 | Lair:4   | Reached ***** piety under Cheibriados
 26664 | Orc:1    | Entered Level 1 of the Orcish Mines
 27591 | Orc:1    | Found Axyujeiq's Assorted Antiques.
 27788 | Orc:1    | Noticed an orc warlord
 28133 | Orc:1    | Killed an orc warlord
 28134 | Orc:1    | Reached skill level 1 in Evocations
 28249 | Orc:2    | Entered Level 2 of the Orcish Mines
 28753 | D:13     | Reached ****** piety under Cheibriados
 28837 | D:13     | Reached skill level 13 in Conjurations
 29513 | D:13     | Found a gate to the Vaults.
 30051 | D:4      | Bought an ichor-stained trident for 221 gold pieces
 30051 | D:4      | Identified the +4 trident "Dragon's Doom" {venom, *Rage
                  | rC++} (You bought it in a shop on level 4 of the Dungeon)
 30384 | D:13     | Reached XP level 14. HP: 99/101 MP: 29/29
 30406 | D:13     | Reached skill level 1 in Polearms
 31108 | D:14     | Learned a level 5 spell: Agony
 31207 | D:14     | Found a shimmering blue altar of Sif Muna.
 31251 | D:14     | Reached skill level 1 in Necromancy
 31407 | D:14     | Slain by a spark wasp (shapeshifter)

Illustrated notes

Levels and vault maps discovered:
D:1:      co_arrival_square_in_a_square_in_a_square, layout_loops_corners,
          ebering_ecumenical_altar_abandoned
D:2:      layout_basic
D:3:      kennysheep_goblin_castle, layout_basic
D:4:      layout_rooms, serial_shops, shop_statue, nicolae_inconvenience_store,
          nicolae_shop_overgrown_old_shop, enter_ossuary_2, uniq_eustachio
D:5:      layout_basic, amcnicky_altar_gilded, uniq_ijyb
D:6:      wad_guarded_room, layout_basic,
          chequers_temple_overflow_statue_of_worship, minmay_temple_entry_trees,
          hangedman_abyss_or_decor_passed
D:7:      layout_loops_ring, lemuel_zombie_altar_yredelemnul,
          hangedman_decor_diamond_cutter, uniq_crazy_yiuf_cottage, uniq_joseph
D:8:      layout_rooms, nicolae_ru_path_of_blood, enter_bailey_1,
          serial_aquarium, aquarium_bridge_square [aquarium_subvault_bridge,
          aquarium_subvault_window, aquarium_subvault_wall,
          aquarium_subvault_window], aquarium_window_1,
          aquarium_window_corridor_1, aquarium_window_fake, aquarium_window_1,
          aquarium_view_2f, aquarium_view_4, aquarium_balcony_3a,
          roderic_batcave
D:9:      layout_roguey, general_overflow_altar, dpeg_oklobed_lair,
          minmay_misc_feat_square
D:10:     layout_rooms, orc_0_dummy, hangedman_decor_points,
          kennysheep_pointless_box
D:11:     minmay_general_purpose_star, layout_irregular_city
D:12:     layout_roguey, uniq_urug
D:13:     layout_cross, hangedman_vaults_entry_quadrant_bands, serial_rivers,
          chequers_serial_rivers_micro_b, chequers_serial_rivers_small_3,
          chequers_serial_rivers_room_a, chequers_serial_rivers_marsh,
          chequers_serial_rivers_micro_e
D:14:     layout_cave_pools, led_sif_pool, grunt_gozag_breadcrumbs, uniq_lodul,
          uniq_azrael
Temple:   regret_index_temple_generic_petals
Lair:1:   layout_roguey [special_room_bee], serial_bayou_shore_b
Lair:2:   layout_long_grid, spider_nest_entry_web_field, uniq_prince_ribbit2
Lair:3:   layout_cave_pods, gammafunk_ghost_hydra_chop, grunt_megastairs_4
Lair:4:   layout_regular_city, minmay_shoals_entry_lonely_mermaid
Orc:1:    layout_caves, serial_shops, nicolae_shop_stone
Orc:2:    st_orc_elflike, layout_diamond_mine, mines5_lemuel

Skill      XL: |  1  2  3  4  5  6  7  8  9 10 11 12 13 14 |
---------------+-------------------------------------------+-----
Fighting       | 1 2 3 5 6 |  6.8
Spellcasting   | 3 4 5 7 8 9 11 12 | 12.0
Conjurations   | 5 6 8 9 11 12 13 | 13.5
Armour         | 1 2 3 6 7 |  7.0
Shields        | 1 2 4 |  4.5
Fire Magic     | 3 8 9 |  9.4
Hexes          | 3 5 |  5.8
Summonings     | 3 5 |  5.7
Translocations | 2 |  2.6
Invocations    | 3 6 7 8 |  8.2
Dodging        | 4 |  4.9
Evocations     | 2 |  2.2
Polearms       | 2 |  2.5
Necromancy     | 1 |  1.7
Stealth        | |  1.7

Action                   |  1- 3 |  4- 6 |  7- 9 | 10-12 | 13-15 || total
-------------------------+-------+-------+-------+-------+-------++-------
Melee: Short sword       |    18 |       |       |       |       ||    18
       Punch             |     1 |       |       |       |       ||     1
       Rapier            |    10 |     1 |       |       |       ||    11
       Dagger            |       |     4 |       |       |       ||     4
       Staff             |       |       |       |     6 |     2 ||     8
       Trident           |       |       |       |       |    54 ||    54
 Cast: Magic Dart        |    57 |    48 |   114 |   179 |   226 ||   624
       Searing Ray       |     2 |    23 |    40 |   105 |    80 ||   250
       Sticky Flame      |       |       |     7 |    55 |    94 ||   156
       Summon Guardian G |       |       |     1 |    61 |    14 ||    76
       Apportation       |       |       |       |     2 |       ||     2
Invok: Slouch            |       |       |       |     1 |     1 ||     2
 Abil: Hop               |     1 |     3 |     2 |     9 |    13 ||    28
Evoke: Wand              |       |     2 |     1 |    19 |    16 ||    38
  Use: Scroll            |     2 |     5 |    10 |    15 |     8 ||    40
       Potion            |     2 |     2 |     1 |     7 |    10 ||    22
 Stab: Sleeping          |     1 |     3 |       |       |     1 ||     5
Armor: Robe              |     6 |       |       |       |       ||     6
       Leather armour    |       |     7 |    26 |    29 |       ||    62
       Acid dragon scale |       |       |       |    15 |       ||    15
       Troll leather arm |       |       |       |    67 |   146 ||   213
Dodge: Dodged            |    22 |    34 |    48 |   219 |   279 ||   602
Block: Buckler           |       |       |    19 |    93 |   140 ||   252

Table legend: (Time is in decaauts)
 A = Elapsed time spent in this place.
 B = Non-inter-level travel time spent in this place.
 C = Inter-level travel time spent in this place.
 D = Time resting spent in this place.
 E = Time spent auto-exploring this place.
 F = Levels seen in this place.
 G = Mean time per level.
                   A        B        C        D        E       F      G
               +--------+--------+--------+--------+--------+-----+--------+
         Total |  38431 |  35420 |   3011 |  11808 |  17605 |  22 | 1746.9 |
       Dungeon |  27125 |  24335 |   2790 |   7884 |  12418 |  14 | 1937.5 |
        Temple |    275 |    231 |     44 |      0 |    222 |   1 |  275.0 |
          Lair |   7164 |   7004 |    160 |   2194 |   3797 |   4 | 1791.0 |
  Orcish Mines |   2247 |   2231 |     16 |    657 |   1016 |   2 | 1123.5 |
        Bailey |   1618 |   1618 |      0 |   1072 |    150 |   1 | 1618.0 |
               +--------+--------+--------+--------+--------+-----+--------+

Top non-repeatable levels by time:
  Lair:1: 3333 daAuts
    D:11: 3197 daAuts
     D:6: 3129 daAuts
    D:13: 2763 daAuts
    D:10: 2390 daAuts
   Orc:1: 2204 daAuts
    D:12: 2095 daAuts
  Lair:2: 1934 daAuts
     D:7: 1925 daAuts
     D:4: 1921 daAuts
     D:5: 1697 daAuts
     D:9: 1640 daAuts
  Bailey: 1618 daAuts
     D:3: 1611 daAuts
     D:2: 1480 daAuts
